 Dungeon Crawl Stone Soup version 0.31-a0-466-g98c9adc2b6 (webtiles) character file.

Game seed: 8670117840771558189

170 LeprechaunX the Ruffian (level 5, 0/52 HPs)
             Began as an Octopode Shapeshifter on Aug 6, 2023.
             Succumbed to a kobold brigand's curare-tipped dart
             ... in a sewer.
             The game lasted 00:04:49 (2849 turns).

LeprechaunX the Ruffian (Octopode Shapeshifter)     Turns: 2849, Time: 00:04:50

Health: 0/52       AC: 22    Str: 16    XL:     5   Next: 50%
Magic:  5/5        EV:  2    Int: 11    God:
Gold:   163        SH:  5    Dex: 12    Spells: 4/4 levels left

rFire   . .          .
                       - Unarmed
rCold   . . .        (no shield)
rNeg    . . .        (helmet currently unavailable)
rPois   +            j - amulet of reflection
rElec   .            (no ring)
rCorr   .            (no ring)
SInv    .            (no ring)
Will    .....        (no ring)
Stlth   +            (no ring)
HPRegen 0.28/turn    (no ring)
MPRegen 0.09/turn    (no ring)
                     (no ring)

%: reflection
@: lethally poisoned (0 -> -4), tree-form, slowed, very slow
A: stationary, stasis, torment immunity, boosted hp, almost no armour,
(amphibious), 8 rings, (camouflage 1), (gelatinous body 1), (nimble swimmer 1),
(tentacles)
a: no special abilities


You were in a sewer.
You were a tree.
You visited 1 branch of the dungeon, and saw 4 of its levels.
You also visited: Sewer.

You collected 163 gold pieces.

Inventory:

Missiles
 e - 5 boomerangs (quivered)
Jewellery
 j - an amulet of reflection (around neck)
 l - an amulet of magic regeneration
Talismans
 b - a beast talisman
 r - a serpent talisman
Scrolls
 c - a scroll of summoning {unknown}
 d - 2 scrolls of immolation {unknown}
 f - a scroll of identify {unknown}
 k - a scroll of fear {unknown}
 n - a scroll of silence {unknown}
 q - a scroll of fog {unknown}
Potions
 a - 2 potions of lignification
 g - a potion of enlightenment {unknown}
 h - a potion of mutation {unknown}
 i - a potion of heal wounds {unknown}
 m - a potion of cancellation {unknown}
 o - a potion of ambrosia {unknown}
 p - 2 potions of brilliance {unknown}


   Skills:
 + Level 2.6 Fighting
 + Level 3.3 Dodging
 + Level 3.9 Unarmed Combat
 + Level 3.6 Shapeshifting


You had 4 spell levels left.
You didn't know any spells.
Your spell library contained the following spells:

 Spells                   Type           Power      Damage    Failure   Level
 Apportation              Tloc           0%         N/A       34%         1
 Sandblast                Erth           0%         2d4       34%         1
 Passwall                 Tmut/Erth      0%         N/A       47%         2
 Portal Projectile        Hex/Tloc       0%         N/A       71%         3
 Stone Arrow              Conj/Erth      0%         3d7       71%         3
 Tukima's Dance           Hex            0%         N/A       71%         3
 Iskenderun's Mystic Bla  Conj/Tloc      0%         2d3       98%         4
 Alistair's Intoxication  Tmut/Pois      0%         N/A       100%        5


Dungeon Overview and Level Annotations

Branches:
Dungeon (4/15)              Sewer (1/1)
 Temple: D:4-7

Altars:


Innate Abilities, Weirdness & Mutations

You are a tree.
Your roots penetrate the ground, keeping you stationary.
You cannot be teleported.
You are immune to unholy pain and torment.
Your maximum health is greatly increased.
You cannot wear most types of armour.
((You are amphibious.))
You can wear up to eight rings at the same time.
((Your skin changes colour to match your surroundings (Stealth+).))
((Your rubbery body absorbs attacks. (AC +1, EV +1)))
((You are camouflaged when in or above water. (Stealth+)))
((You have tentacles for arms and can constrict up to eight enemies at once.))


Message History

A kobold brigand comes into view.
It is wielding a +0 dagger and quivering curare-tipped darts.
Throw: 6 boomerangs
Press: ? - help, Q - select action Shift-Dir - straight line, f - kobold brigand
Aim: a kobold brigand, wielding a +0 dagger and quivering curare-tipped darts (wandering, hasn't noticed you, 51% to hit)
You throw a boomerang.
The boomerang closely misses the kobold brigand.
The kobold brigand shouts!
The kobold brigand throws a curare-tipped dart.
The curare-tipped dart hits you.
You are poisoned.
You have difficulty breathing.
You feel yourself slow down.
You feel very sick.
You feel very sick.
The kobold brigand throws a curare-tipped dart.
The curare-tipped dart closely misses you.
You feel very sick.
The kobold brigand throws a curare-tipped dart.
The curare-tipped dart hits you.
You are lethally poisoned!
You have difficulty breathing.
* * * LOW HITPOINT WARNING * * *
You feel as though you will be slow longer.
Really quaff the potion of lignification?
Your transformation has ended.
You turn into a tree.
Your roots penetrate the ground.
* * * LOW HITPOINT WARNING * * *
You feel very sick.
Throw: 6 boomerangs
Press: ? - help, Q - select action Shift-Dir - straight line, f/p - kobold brigand
Aim: a kobold brigand, wielding a +0 dagger and quivering curare-tipped darts (45% to hit)
You throw a boomerang.
The boomerang closely misses the kobold brigand.
* * * LOW HITPOINT WARNING * * *
You feel very sick.
Throw: 6 boomerangs
Press: ? - help, Q - select action Shift-Dir - straight line, f/p - kobold brigand
Aim: a kobold brigand, wielding a +0 dagger and quivering curare-tipped darts (45% to hit)
You throw a boomerang.
The boomerang barely misses the kobold brigand.
You die...

#.~≈~. ##.~≈~.# ∩..~≈~.#
#.~≈≈~# #.~≈~.# ##.~≈~.##
#.~K≈~~.#######################
#.~K≈~†~~)K~~~♣~~~÷~~~)~~~~..†.
#.~)≈~~.#######################
#.~~≈~~~# #.~~≈~h.# #~~≈≈≈~~#
#~)≈≈≈~.# #~~≈≈≈~.# #.~~~~~.#
#....~~.#


You could see a kobold brigand.

Vanquished Creatures
  5 adders
  4 river rats
  3 worms (D:2)
  3 dart slugs
  An orc (D:3)
  4 endoplasms
  A giant cockroach (D:1)
  7 goblins
  5 hobgoblins
  4 jackals (Sewer)
  3 quokkas
  2 ball pythons
  10 bats
  5 frilled lizards
  8 kobolds
  13 rats
78 creatures vanquished.

Notes
Turn   | Place    | Note
-------+----------+-------------------------------------------
     0 | D:1      | LeprechaunX the Octopode Shapeshifter began the quest for
                  | the Orb.
     0 | D:1      | Reached XP level 1. HP: 13/13 MP: 1/1
   292 | D:1      | Reached XP level 2. HP: 18/18 MP: 2/2
   569 | D:1      | Reached XP level 3. HP: 13/23 MP: 3/3
   917 | D:2      | Found a faded altar of an unknown god.
  1145 | D:2      | Reached XP level 4. HP: 29/29 MP: 4/4
  2451 | D:4      | Reached XP level 5. HP: 31/35 MP: 5/5
  2513 | D:4      | Found a glowing drain.
  2517 | Sewer    | Entered a sewer
  2596 | Sewer    | Noticed a kobold brigand
  2842 | Sewer    | Noticed a kobold brigand
  2848 | Sewer    | HP: 1/52 [poisoned by a kobold brigand (curare-tipped
                  | dart)]
  2849 | Sewer    | Succumbed to a kobold brigand's curare-tipped dart

Illustrated notes

Levels and vault maps discovered:
D:1:      erik_arrival_triangle_medium, layout_basic, serial_glass,
          glass_columns_b, glass_columns_a, hangedman_decor_diamond_cutter,
          nrook_loot_triangle, supply_closet_lemuel
D:2:      layout_basic, nicolae_ecumenical_oubliette,
          chequers_serial_rivers_micro_a, minmay_tetromino_o4
D:3:      layout_loops_ring
D:4:      layout_cave_pools, nemelex_spade_bored_becter, gup_sewer_entry_spiral,
          kennysheep_small_square, uniq_natasha
Sewer:    sewer_kobolds

Skill      XL: |  1  2  3  4 |
---------------+-------------+-----
Fighting       | 2 |  2.6
Dodging        | 3 |  3.3
Unarmed Combat | |  3.9
Shapeshifting  | |  3.6

Action                     |  1- 3 |  4- 6 || total
---------------------------+-------+-------++-------
  Melee: Unarmed           |    62 |    75 ||   137
         Constrict         |    19 |    18 ||    37
         Punch             |     1 |     1 ||     2
         Tentacles         |    11 |    10 ||    21
  Throw: Boomerang         |       |    40 ||    40
    Use: Potion            |       |     1 ||     1
   Stab: Sleeping          |     6 |     9 ||    15
 Armour: Skin              |       |     1 ||     1
  Dodge: Dodged            |    31 |    31 ||    62
  Block: Other             |       |     5 ||     5
         Reflection        |       |     1 ||     1

Table legend: (Time is in decaauts)
 A = Elapsed time spent in this place.
 B = Non-inter-level travel time spent in this place.
 C = Inter-level travel time spent in this place.
 D = Time resting spent in this place.
 E = Time spent auto-exploring this place.
 F = Levels seen in this place.
 G = Mean time per level.
                   A        B        C        D        E       F      G
               +--------+--------+--------+--------+--------+-----+--------+
         Total |   2854 |   2819 |     35 |    198 |   2006 |   5 |  570.8 |
       Dungeon |   2510 |   2475 |     35 |     76 |   1949 |   4 |  627.5 |
         Sewer |    344 |    344 |      0 |    122 |     57 |   1 |  344.0 |
               +--------+--------+--------+--------+--------+-----+--------+

Top non-repeatable levels by time:
     D:1: 915 daAuts
     D:2: 757 daAuts
     D:3: 638 daAuts
   Sewer: 344 daAuts
     D:4: 199 daAuts
